 Dungeon Crawl Stone Soup version 0.30-a0-1157-g2cc9ac7196 (webtiles) character file.

Game seed: 8760377171536111318

82058 Jeffwins the Summoner (level 16, -4/117 HPs)
             Began as a Human Wanderer on Apr 24, 2023.
             Was a High Priest of Vehumet.
             Slain by a white very ugly thing (10 damage)
             ... in an ice cave.
             The game lasted 00:53:21 (27191 turns).

Jeffwins the Summoner (Human Wanderer)             Turns: 27191, Time: 00:53:22

Health: -4/117     AC: 13    Str: 12 (15) XL:     16   Next: 20%
Magic:  27/27      EV: 15    Int: 27      God:    Vehumet [*****.]
Gold:   1470       SH:  0    Dex: 17 (19) Spells: 12/30 levels left

rFire   + . .        a - +8 whip "Snakebite" {venom, curare, rPois, =f}
rCold   + . .        (no shield)
rNeg    . . .        g - +3 ring mail {Will+}
rPois   +            h - +2 hat
rElec   .            m - scarf of the Watchman {rC+ rF+, Str+3}
rCorr   .            S - +1 pair of gloves of Dihat {Int+3 Slay+3}
SInv    .            Q - +0 pair of boots
Will    ++...        (no amulet)
Stlth   ++           Y - +4 ring of slaying
HPRegen 0.39/turn    f - ring "Nuuliz" {Int+6 Dex+3}
MPRegen 0.20/turn

%: no passive effects
@: no status effects
A: no striking features
a: Renounce Religion


You were in an ice cave.
You worshipped Vehumet.
Vehumet was extremely pleased with you.
You visited 3 branches of the dungeon, and saw 20 of its levels.
You also visited: Sewer and Ice Cave.

You collected 1494 gold pieces.
You spent 24 gold pieces at shops.


   Skills:
 + Level 8.3 Fighting
 - Level 3.0(8.9) Axes
 - Level 11.8(12.0) Maces & Flails
 - Level 5.6(6.0) Polearms
 - Level 6.0 Throwing
 + Level 9.8 Dodging
 - Level 5.0 Stealth
 + Level 7.7 Spellcasting
 * Level 6.6 Conjurations
 * Level 12.1 Summonings
 * Level 5.8 Fire Magic
 * Level 6.6 Earth Magic
 + Level 8.8 Evocations


You had 12 spell levels left.
You knew the following spells:

 Your Spells              Type           Power      Damage    Failure   Level
c - Animate Armour        Summ/Erth      100%       N/A       2%          4
s - Sticky Flame          Conj/Fire      44%        2d6       2%          4
x - Call Canine Familiar  Summ           66%        N/A       1%          3
z - Stone Arrow           Conj/Erth      92%        3d12      1%          3
X - Flame Wave            Conj/Fire      44%        2d11      2%          4

Your spell library contained the following spells:

 Spells                   Type           Power      Damage    Failure   Level
 Sandblast                Erth           92%        2d19      1%          1
 Summon Small Mammal      Summ           100%       N/A       1%          1
 Summon Guardian Golem    Hex/Summ       43%        N/A       3%          3
 Passwall                 Tmut/Erth      23%        N/A       4%          2
 Necrotise                Necr           40%        1d6       12%         1
 Slow                     Hex            40%        N/A       12%         1
 Sublimation of Blood     Necr           10%        N/A       19%         2
 Wereblood                Tmut           10%        N/A       19%         2
 Confusing Touch          Hex            10%        N/A       36%         3
 Portal Projectile        Hex/Tloc       20%        N/A       36%         3
 Tukima's Dance           Hex            10%        N/A       36%         3
 Vampiric Draining        Necr           10%        2d6       36%         3
 Summon Hydra             Summ           33%        N/A       58%         7
 Anguish                  Hex/Necr       5%         N/A       77%         4
 Cause Fear               Hex            5%         N/A       77%         4
 Agony                    Necr           10%        N/A       98%         5
 Blade Hands              Tmut           5%         N/A       98%         5
 Enfeeble                 Hex            5%         N/A       100%        7
 Lehudib's Crystal Spear  Conj/Erth      23%        10d6      100%        8

Inventory:

Hand Weapons
 a - the +8 whip "Snakebite" (weapon) {venom, curare, rPois, =f}
   (You found it on level 3 of the Dungeon)

   rPois:     It protects you from poison.
 b - the +10 dark maul {heavy}
   (You took it off an orc on level 10 of the Dungeon)
 T - the +2 demon whip "Qosushr Risa" {venom, Int+7 Stlth-}
   (You found it on level 1 of the Lair of Beasts)

   Int:       It affects your intelligence (+7).
   Stlth:     It makes you less stealthy.
 W - the +4 dagger of the Purse {drain, +Blink rElec rN+ SInv}
   (You found it on level 2 of the Lair of Beasts)

   rElec:     It insulates you from electricity.
   rN:        It protects you from negative energy.
   SInv:      It lets you see invisible.
   +Blink:    It lets you blink.
Missiles
 c - 17 poisoned darts (quivered)
 z - 5 curare-tipped darts {=f}
 C - 2 throwing nets {=f}
Armour
 g - a +3 ring mail of willpower (worn)
 h - a +2 hat (worn)
 m - the scarf of the Watchman (worn) {rC+ rF+, Str+3}
   (You acquired it on level 9 of the Dungeon)

   Str:       It affects your strength (+3).
 J - a +0 troll leather armour
 Q - a +0 pair of boots (worn)
 S - the +1 pair of gloves of Dihat (worn) {Int+3 Slay+3}
   (You acquired it on level 10 of the Dungeon)

   Int:       It affects your intelligence (+3).
   Slay:      It affects your accuracy & damage with ranged weapons and melee
   (+3).
Jewellery
 f - the ring "Nuuliz" (right hand) {Int+6 Dex+3}
   (You acquired it on level 9 of the Dungeon)

   [ring of intelligence]

   Int:       It affects your intelligence (+6).
   Dex:       It affects your dexterity (+3).
 v - a ring of see invisible
 F - a ring of fire
 I - the ring of Vommeuk {rC+ Int+2}
   (You found it on level 4 of the Lair of Beasts)

   [ring of protection from cold]

   Int:       It affects your intelligence (+2).
   rC:        It protects you from cold.
 N - a ring of positive energy
 Y - a +4 ring of slaying (left hand)
Wands
 p - a wand of flame (40)
 t - a wand of paralysis (12)
 y - a wand of acid (13)
 B - a wand of digging (4)
 U - a wand of iceblast (8)
 X - a wand of polymorph (10)
Scrolls
 i - a scroll of amnesia
 j - 6 scrolls of fog
 k - a scroll of acquirement
 o - 2 scrolls of vulnerability {!r}
 q - 6 scrolls of fear
 r - 10 scrolls of teleportation {@r4}
 s - 3 scrolls of immolation {!r}
 u - 2 scrolls of enchant weapon
 w - 4 scrolls of poison
 D - 5 scrolls of magic mapping
 E - 5 scrolls of enchant armour
 H - 3 scrolls of silence {!r}
 Z - 3 scrolls of identify {@r1}
Potions
 d - 4 potions of haste {@q3}
 e - 6 potions of flight
 n - 2 potions of brilliance
 x - 2 potions of mutation {!q}
 G - a potion of berserk rage {!q}
 K - 11 potions of curing {@q1}
 M - a potion of ambrosia
 P - 3 potions of heal wounds {@q2}
 R - 2 potions of cancellation
 V - a potion of resistance
Miscellaneous
 A - a lightning rod (inert)
 L - a phantom mirror
 O - a box of beasts

Dungeon Overview and Level Annotations

Branches:
Dungeon (14/15)            Temple (1/1) D:5            Lair (5/5) D:10
 Shoals (0/4) Lair:3       Spider (0/4) Lair:2        Slime (0/5) Lair:5
    Orc (0/2) D:11         Vaults (0/5) D:13          Sewer (visited)
  IceCv (1/1)

Altars:
Ashenzari
Cheibriados
Dithmenos
Elyvilon
Fedhas
Gozag
Hepliaklqana
Kikubaaqudgha
Makhleb
Nemelex Xobeh
Okawaru
Qazlal
Ru
Sif Muna
Trog
Uskayaw
Vehumet
Wu Jian
Xom
Yredelemnul
Zin
The Shining One

Shops:
D:5 [   D:7 (

Portals:
Trove: D:11 (give 2 scrolls of acquirement)

Annotations:
D:9 2 transporters, Pimp's ghost, novice GrEE IceCv 1 transporter

##### . ###...####
.8 ##........##
..8 ▒..........##
...8▒...........##
....▒./..8.......#
$..W▒8.[.........#
}..u▒©©@u......∩∩#
$..W▒8.?...°.....#
....▒.:..8.......#
...8▒...........##
..8 ▒..........##
.8 ##........## .
###...#### #####


You could see 2 very ugly things and 2 freezing wraiths.


Message History

Aim: a lindwurm simulacrum (severely damaged)
The thunderbolt hits the white very ugly thing!
The white very ugly thing is heavily wounded.
The thunderbolt hits the lindwurm simulacrum!
The lindwurm simulacrum vaporises!
Vehumet accepts your kill.
Unknown command.
Aiming: Thunderbolt
Press: ? - help, Shift-Dir - straight line, f - white very ugly thing
Aim: a white very ugly thing (heavily wounded)
The thunderbolt hits the white very ugly thing!
The white very ugly thing is severely wounded.
Unknown command.
Aiming: Thunderbolt
Press: ? - help, Shift-Dir - straight line, f/p - white very ugly thing
Aim: a white very ugly thing (severely wounded)
The thunderbolt hits the white very ugly thing!
The white very ugly thing is severely wounded.
The lightning rod overheats!
Unknown command.
Unknown command.
Aiming: Corrosive Bolt
Press: ? - help, Shift-Dir - straight line, f/p - white very ugly thing
Aim: a white very ugly thing (severely wounded, 74% to hit)
The bolt of acid hits the white very ugly thing!
The white very ugly thing is almost dead.
The white very ugly thing bites you!
* * * LOW HITPOINT WARNING * * *
The white very ugly thing freezes you! You resist.
You die...

Skill      XL: |  1  2  3  4  5  6  7  8  9 10 11 12 13 14 15 16 |
---------------+-------------------------------------------------+-----
Stealth        | 1 2 3 4 5 |  5.0
Polearms       | 4 5 |  5.6
Dodging        | 4 5 6 7 8 9 |  9.8
Evocations     | 1 2 3 4 5 6 7 8 |  8.8
Maces & Flails | 2 4 5 7 8 9 10 11 | 11.8
Summonings     | 1 3 4 6 7 9 10 11 12 | 12.1
Spellcasting   | 1 2 4 5 6 7 |  7.7
Fighting       | 1 2 4 5 6 7 8 |  8.3
Throwing       | 3 4 5 6 |  6.0
Conjurations   | 2 4 6 |  6.6
Earth Magic    | 2 4 6 |  6.6
Fire Magic     | 3 5 |  5.8
Axes           | |  3.0

Action                     |  1- 3 |  4- 6 |  7- 9 | 10-12 | 13-15 | 16-18 || total
---------------------------+-------+-------+-------+-------+-------+-------++-------
  Melee: Trident           |    96 |   268 |     9 |       |       |       ||   373
         Punch             |     1 |     2 |     5 |     6 |    10 |     3 ||    27
         Whip              |       |       |   241 |   477 |   929 |    53 ||  1700
         Maul              |       |       |       |       |       |     4 ||     4
  Throw: Throwing net      |       |       |     1 |       |       |       ||     1
         Dart              |       |       |     4 |    35 |       |       ||    39
   Cast: Call Canine Famil |       |       |       |    22 |    65 |     7 ||    94
         Animate Armour    |       |       |       |       |    61 |     9 ||    70
         Stone Arrow       |       |       |       |       |    11 |       ||    11
         Sticky Flame      |       |       |       |       |     1 |     1 ||     2
         Flame Wave        |       |       |       |       |       |     2 ||     2
  Evoke: Wand              |       |       |     1 |    19 |     3 |     1 ||    24
         Phantom mirror    |       |       |       |     1 |       |       ||     1
         Lightning rod     |       |       |       |       |       |     4 ||     4
    Use: Scroll            |       |     1 |     2 |    14 |     8 |     2 ||    27
         Potion            |       |     1 |       |     3 |     8 |       ||    12
   Stab: Sleeping          |     2 |     8 |     7 |     4 |    12 |       ||    33
         Distracted        |       |     3 |       |     1 |    14 |     3 ||    21
         Paralysed         |       |       |     1 |     6 |     1 |       ||     8
         Petrifying        |       |       |       |       |     2 |       ||     2
         Petrified         |       |       |       |       |       |     1 ||     1
 Armour: Robe              |    10 |       |       |       |       |       ||    10
         Ring mail         |    31 |    77 |    94 |    88 |   204 |    31 ||   525
  Dodge: Dodged            |    45 |   114 |   105 |   235 |   431 |    37 ||   967

Levels and vault maps discovered:
D:1:      amcnicky_arrival_blooded_trapdoor, layout_basic
D:2:      minmay_recursive_quarters, layout_rooms, basic_ecumenical_altar,
          grunt_decor_fettered
D:3:      layout_loops_corners, nicolae_sif_muna_condensation,
          mainiacjoe_overflow_chevrons, minmay_distorted,
          uniq_crazy_yiuf_cottage
D:4:      layout_loops_ring, mainiacjoe_overflow_alcove_1,
          cheibrodos_sewer_entry_drain
D:5:      layout_loops_ring, general_overflow_altar,
          mainiacjoe_overflow_cross_hatched, minmay_temple_entry_grid,
          serial_shops, shop
D:6:      layout_gridville, grunt_temple_overflow_open
D:7:      layout_rooms, nicolae_shop_firing_range
D:8:      layout_cave_pools, fedhas_bush_and_centaur_altar, uniq_psyche
D:9:      layout_basic, mainiacjoe_overflow_tiny_flanked, trog_wizard,
          nzn_wu_jian_contemplation, gammafunk_ghost_smash
D:10:     minmay_roctagon, layout_long_grid, okawaru_ov_weapons_minmay,
          lair_entry_dummy
D:11:     layout_cave_pods, david_orc_1_choice, nicolae_trove_entry_path_of_doom
D:12:     layout_cross
D:13:     layout_loops_corners, erik_vaults_2, uniq_kirke
D:14:     layout_roguey, nicolae_cairo_tiling_large,
          portal_ice_cave_entry_frozen_things
Temple:   cyrus_temple_forest
Lair:1:   minmay_guarded_unrand_snakebite, layout_layer_cave
Lair:2:   layout_cave_pods, dummy_spider_entry, grunt_megastairs_1
Lair:3:   layout_regular_city, elwin_shoals_entry_stream, grunt_megastairs_2,
          infiniplex_staircase_pool, serial_bayou_shore_b, serial_bayou_shore_b,
          serial_bayou_shore_b, uniq_amaemon
Lair:4:   nzn_winding_woodlands_stair_cross [nzn_winding_woodlands_5x15_garden,
          nzn_winding_woodlands_center_garden,
          nzn_winding_woodlands_5x15_parted, nzn_winding_woodlands_5x5_three,
          nzn_winding_woodlands_5x5_cross, nzn_winding_woodlands_5x15_twine,
          nzn_winding_woodlands_center_lodge,
          nzn_winding_woodlands_5x15_lazy_stream], layout_misc_corridors,
          uniq_sonja
Lair:5:   grunt_lair_end_beastmaster, layout_loops_ring,
          nicolae_slime_entry_slimehenge, serial_rivers,
          chequers_serial_rivers_small_3, chequers_serial_rivers_marsh,
          chequers_serial_rivers_micro_e, chequers_serial_rivers_room_a,
          chequers_serial_rivers_small_a, gauntlet_entry_generic,
          dreamdust_deal_with_the_devil, chequers_serial_rivers_micro_e
IceCv:    ice_cave_statue_garden_transporter

Notes
Turn   | Place    | Note
-------+----------+-------------------------------------------
     0 | D:1      | Jeffwins the Human Wanderer began the quest for the Orb.
     0 | D:1      | Jeffwins set off with the following items: a +0 trident, a
                  | +0 hand axe, a +0 cloak, a potion of haste {@q3}, a +0
                  | robe.
     0 | D:1      | Reached XP level 1. HP: 13/13 MP: 1/1
    75 | D:1      | Reached XP level 2. HP: 19/19 MP: 2/2
   516 | D:1      | Reached skill level 1 in Stealth
   760 | D:1      | Reached XP level 3. HP: 24/24 MP: 3/3
   855 | D:2      | Noticed a scorpion
   863 | D:2      | Killed a scorpion
   864 | D:2      | Reached skill level 4 in Polearms
   864 | D:2      | Reached XP level 4. HP: 30/30 MP: 4/4
   918 | D:2      | Found a faded altar of an unknown god.
  1141 | D:2      | Reached skill level 2 in Stealth
  1293 | D:2      | You fall into a shaft and drop 2 floors!
  1303 | D:4      | Found a glowing drain.
  1320 | Sewer    | Entered a sewer
  1356 | Sewer    | Reached XP level 5. HP: 35/35 MP: 5/5
  1635 | Sewer    | Reached skill level 4 in Dodging
  1649 | Sewer    | Reached XP level 6. HP: 39/41 MP: 6/6
  1687 | Sewer    | Reached skill level 5 in Polearms
  1890 | D:3      | Found a shimmering blue altar of Sif Muna.
  2430 | D:3      | Reached skill level 3 in Stealth
  2650 | D:3      | Reached skill level 1 in Evocations
  2929 | D:3      | Reached XP level 7. HP: 46/46 MP: 7/7
  2953 | D:3      | Found a runed translucent door.
  2954 | D:3      | Noticed Crazy Yiuf
  2956 | D:3      | Found the +8 whip "Snakebite" {venom, curare, rPois}
  2966 | D:3      | HP: 3/46 [Crazy Yiuf/+4 quarterstaff of chaos (14)]
  2968 | D:3      | Killed Crazy Yiuf
  3312 | D:3      | Found a shimmering altar of Xom.
  3457 | D:4      | Reached skill level 1 in Maces & Flails
  3924 | D:4      | Found a broken altar of Ashenzari.
  4057 | D:4      | Learned a level 3 spell: Call Canine Familiar
  4058 | D:5      | Entered Level 5 of the Dungeon
  4160 | D:4      | Reached skill level 2 in Maces & Flails
  4160 | D:4      | Reached skill level 2 in Evocations
  4328 | D:5      | Reached skill level 1 in Summonings
  4328 | D:5      | Reached XP level 8. HP: 44/52 MP: 8/8
  4529 | D:5      | Found a stormy altar of Qazlal.
  4586 | D:5      | Found Celukig's Armour Boutique.
  4753 | D:5      | Found a staircase to the Ecumenical Temple.
  4794 | D:5      | Reached skill level 5 in Dodging
  4794 | D:5      | Reached skill level 4 in Stealth
  4797 | Temple   | Entered the Ecumenical Temple
  4911 | D:5      | Found a sacrificial altar of Ru.
  4933 | D:5      | Reached skill level 1 in Spellcasting
  4996 | D:5      | Reached skill level 3 in Maces & Flails
  4996 | D:5      | Reached skill level 2 in Summonings
  5207 | D:6      | Noticed a yak
  5214 | D:6      | Noticed a yak
  5214 | D:6      | Noticed a yak
  5215 | D:6      | Noticed a yak
  5215 | D:6      | Noticed a yak
  5272 | D:5      | Killed a yak
  5301 | D:5      | Killed a yak
  5302 | D:5      | Reached skill level 1 in Fighting
  5353 | D:5      | Killed a yak
  5354 | D:5      | Reached skill level 4 in Maces & Flails
  5354 | D:5      | Reached skill level 3 in Summonings
  5354 | D:5      | Reached skill level 3 in Evocations
  5354 | D:5      | Reached XP level 9. HP: 48/59 MP: 11/11
  5402 | D:5      | Reached skill level 2 in Spellcasting
  5666 | D:6      | Reached skill level 2 in Fighting
  5666 | D:6      | Reached skill level 4 in Summonings
  5807 | D:6      | Reached skill level 5 in Stealth
  5843 | D:6      | Found a shadowy altar of Dithmenos.
  5853 | D:6      | Found an opulent altar of Gozag.
  6204 | D:6      | Reached skill level 5 in Maces & Flails
  6619 | D:7      | Found Maolusto's Firing Range.
  6656 | D:7      | Bought 4 poisoned darts for 24 gold pieces
  7004 | D:8      | Found a blossoming altar of Fedhas.
  7020 | D:8      | Reached skill level 6 in Dodging
  7020 | D:8      | Reached skill level 4 in Evocations
  7020 | D:8      | Reached XP level 10. HP: 48/69 MP: 14/14
  7069 | D:8      | Reached skill level 3 in Spellcasting
  7069 | D:8      | Reached skill level 5 in Summonings
  7202 | D:8      | Reached skill level 3 in Fighting
  7403 | D:7      | Reached skill level 6 in Maces & Flails
  7605 | D:8      | Reached skill level 6 in Summonings
  7650 | D:8      | Noticed Psyche
  7837 | D:8      | Psyche changed into Psyche the ogre
  7837 | D:8      | Noticed Psyche
  7843 | D:8      | Killed Psyche the ogre
  8283 | D:9      | Found a transporter.
  8288 | D:9      | Identified 2 scrolls of acquirement
  8290 | D:9      | Acquired the ring "Nuuliz" {Int+6 Dex+3}
  8292 | D:9      | Acquired the scarf of the Watchman {rC+ rF+, Str+3}
  8305 | D:9      | Noticed Pimp's ghost (novice GrEE)
  8307 | D:9      | Noticed a two-headed ogre
  8308 | D:9      | Noticed a two-headed ogre
  8309 | D:9      | Noticed a two-headed ogre
  8348 | D:9      | Noticed a two-headed ogre
  8352 | D:9      | Reached skill level 4 in Fighting
  8367 | D:9      | Killed a two-headed ogre
  8368 | D:9      | Reached skill level 7 in Maces & Flails
  8368 | D:9      | Reached skill level 4 in Spellcasting
  8368 | D:9      | Reached skill level 5 in Evocations
  8368 | D:9      | Reached XP level 11. HP: 60/77 MP: 12/17
  8461 | D:9      | Found an ornate altar of the Wu Jian Council.
  8535 | D:9      | Found a bloodstained altar of Trog.
  8536 | D:9      | Noticed a wizard
  8541 | D:9      | Killed a wizard
  8575 | D:9      | Found a radiant altar of Vehumet.
  8589 | D:9      | Became a worshipper of Vehumet
  9118 | D:9      | Found a transporter.
  9141 | D:10     | Entered Level 10 of the Dungeon
  9169 | D:10     | Noticed a two-headed ogre
  9169 | D:10     | Noticed a two-headed ogre
  9169 | D:10     | Noticed a rakshasa
  9334 | D:10     | Killed a rakshasa
  9335 | D:10     | Reached skill level 2 in Throwing
  9335 | D:10     | Reached skill level 7 in Dodging
  9335 | D:10     | Reached skill level 7 in Summonings
  9344 | D:10     | Noticed a centaur warrior
  9361 | D:10     | Killed a centaur warrior
  9371 | D:10     | HP: 3/78 [centaur/arrow (5)]
  9631 | D:10     | Noticed a two-headed ogre
  9823 | D:10     | Found a staircase to the Lair.
  9906 | D:10     | Noticed a boulder beetle
 10100 | D:10     | Killed a boulder beetle
 10276 | D:10     | Noticed a stone giant
 10278 | D:10     | Noticed a boulder beetle
 10303 | D:10     | Killed a two-headed ogre
 10304 | D:10     | Reached skill level 8 in Maces & Flails
 10604 | D:10     | Killed a boulder beetle
 10605 | D:10     | Reached skill level 5 in Fighting
 10605 | D:10     | Reached skill level 3 in Throwing
 10793 | D:10     | Killed a stone giant
 10854 | D:10     | Reached XP level 12. HP: 43/86 MP: 11/19
 11023 | D:10     | Reached skill level 8 in Summonings
 11023 | D:10     | Reached skill level 6 in Evocations
 11320 | D:10     | Reached skill level 5 in Spellcasting
 11327 | D:10     | Killed a two-headed ogre
 11341 | D:10     | HP: 7/86 [orc/the +10 dark maul {heavy} (56)]
 11747 | D:10     | Acquired the +1 pair of gloves of Dihat {Int+3 Slay+3}
 11825 | D:10     | Found an iron altar of Okawaru.
 11876 | D:10     | Reached * piety under Vehumet
 11876 | D:10     | Offered knowledge of Freeze by Vehumet.
 11991 | D:10     | Killed a two-headed ogre
 12230 | Lair:1   | Entered Level 1 of the Lair of Beasts
 12257 | D:10     | Reached skill level 4 in Throwing
 12390 | D:11     | Reached skill level 9 in Maces & Flails
 12716 | D:11     | Found a portal to a secret trove of treasure.
 12804 | D:11     | Noticed a two-headed ogre
 12872 | D:11     | Killed a two-headed ogre
 12873 | D:11     | Reached skill level 8 in Dodging
 13036 | D:11     | Noticed a boulder beetle
 13048 | D:11     | Killed a boulder beetle
 13197 | D:11     | Reached skill level 9 in Summonings
 13414 | D:11     | Reached skill level 6 in Fighting
 13475 | D:11     | Found a staircase to the Orcish Mines.
 14167 | Lair:1   | Reached XP level 13. HP: 93/93 MP: 18/21
 14186 | Lair:1   | Reached ** piety under Vehumet
 14186 | Lair:1   | Offered knowledge of Searing Ray by Vehumet.
 14566 | Lair:1   | Reached skill level 7 in Evocations
 14685 | Lair:1   | Reached skill level 6 in Spellcasting
 14707 | Lair:1   | Reached skill level 5 in Throwing
 14723 | Lair:1   | Reached skill level 10 in Maces & Flails
 15431 | Lair:1   | Offered knowledge of Inner Flame by Vehumet.
 15627 | Lair:1   | Reached skill level 10 in Summonings
 15709 | Lair:1   | Identified the +2 demon whip "Qosushr Risa" {venom, Int+7
                  | Stlth-}
 16269 | Lair:2   | Reached *** piety under Vehumet
 16300 | Lair:2   | Learned a level 4 spell: Animate Armour
 16304 | Lair:2   | Learned a level 3 spell: Stone Arrow
 16603 | Lair:2   | Found a hole to the Spider Nest.
 16820 | Lair:2   | Reached skill level 1 in Conjurations
 16826 | Lair:2   | Identified the +4 dagger of the Purse {drain, +Blink rElec
                  | rN+ SInv}
 17009 | Lair:2   | Reached skill level 1 in Earth Magic
 17018 | Lair:2   | Offered knowledge of Sticky Flame by Vehumet.
 17736 | Lair:3   | Reached skill level 7 in Fighting
 17780 | Lair:3   | Reached skill level 2 in Earth Magic
 17785 | Lair:3   | Reached skill level 2 in Conjurations
 17785 | Lair:3   | Found a staircase to the Shoals.
 17791 | Lair:3   | Reached XP level 14. HP: 77/103 MP: 23/23
 18031 | Lair:3   | Noticed Amaemon
 18054 | Lair:3   | Killed Amaemon
 18271 | Lair:3   | Learned a level 4 spell: Sticky Flame
 18430 | Lair:3   | Reached **** piety under Vehumet
 18553 | Lair:3   | Offered knowledge of Iskenderun's Battlesphere by Vehumet.
 18554 | Lair:3   | Reached skill level 9 in Dodging
 18871 | Lair:4   | Reached skill level 1 in Fire Magic
 18884 | Lair:4   | Reached skill level 3 in Earth Magic
 18906 | Lair:4   | Reached skill level 3 in Conjurations
 19042 | Lair:4   | Identified the ring of Vommeuk {rC+ Int+2}
 19296 | Lair:4   | Reached skill level 11 in Maces & Flails
 19743 | Lair:4   | Noticed Sonja
 19746 | Lair:4   | Killed Sonja
 19751 | Lair:4   | Reached skill level 2 in Fire Magic
 19809 | Lair:4   | Reached skill level 6 in Throwing
 19919 | Lair:4   | HP: 15/154 [elephant (9)]
 20362 | Lair:4   | Reached skill level 4 in Conjurations
 20771 | Lair:5   | Entered Level 5 of the Lair of Beasts
 20779 | Lair:5   | Reached skill level 4 in Earth Magic
 20889 | Lair:5   | Reached skill level 11 in Summonings
 20893 | Lair:5   | Reached skill level 8 in Evocations
 21132 | Lair:5   | Reached skill level 7 in Spellcasting
 21445 | Lair:5   | Reached skill level 3 in Fire Magic
 21737 | Lair:5   | Reached XP level 15. HP: 91/109 MP: 3/25
 21841 | Lair:5   | Reached ***** piety under Vehumet
 21903 | Lair:5   | Offered knowledge of Flame Wave by Vehumet.
 21954 | Lair:5   | Found a staircase to the Slime Pits.
 22045 | Lair:5   | Reached skill level 5 in Earth Magic
 22063 | Lair:5   | Reached skill level 5 in Conjurations
 22351 | Lair:5   | Reached skill level 4 in Fire Magic
 24386 | D:12     | Reached skill level 8 in Fighting
 24639 | D:13     | Found a gate to the Vaults.
 24659 | D:13     | Reached skill level 5 in Fire Magic
 24659 | D:13     | Reached skill level 6 in Earth Magic
 24843 | D:12     | Reached skill level 6 in Conjurations
 25329 | D:13     | Identified 2 potions of resistance
 25857 | D:13     | Reached XP level 16. HP: 106/117 MP: 20/27
 26453 | D:13     | Reached skill level 12 in Summonings
 26608 | D:13     | Noticed Kirke
 26620 | D:13     | Killed Kirke
 27049 | D:14     | Learned a level 4 spell: Flame Wave
 27053 | D:14     | Found a frozen archway.
 27177 | IceCv    | Entered an ice cave
 27186 | IceCv    | Found a transporter.
 27191 | IceCv    | HP: 6/117 [white very ugly thing (14)]
 27191 | IceCv    | Slain by a white very ugly thing

Vanquished Creatures
  Kirke (D:13)
  A stone giant (D:10)
  An entropy weaver (shapeshifter) (D:13)
  6 vault guards
  A rakshasa (D:10)
  2 hydras
  4 boulder beetles
  3 centaur warriors
  2 catoblepae
  A deep troll shaman (Lair:5)
  5 two-headed ogres
  7 death yaks
  Sonja (Lair:4)
  Amaemon (Lair:3)
  A deep elf pyromancer (D:13)
  An oklob plant (Lair:1)
  4 cyclopes
  A manticore (D:13)
  9 elephants
  4 merfolk sirens (Lair:3)
  An orange demon (Lair:3)
  2 torpor snails
  5 gargoyles
  9 black mambas
  13 cane toads
  A kobold demonologist (D:12)
  8 komodo dragons
  2 freezing wraiths (D:14)
  3 rime drakes
  A golden dragon simulacrum (IceCv)
  An efreet (D:13)
  2 trolls
  2 guardian mummies (D:11)
  A hornet (D:8)
  2 polar bears
  20 blink frogs
  3 dream sheep (Lair:3)
  51 yaks
  6 slime creatures (D:12)
  2 wyverns
  A hog (D:13)
  3 wraiths
  A steam dragon (D:6)
  A basilisk (Lair:1)
  3 harpy simulacra (IceCv)
  A warg (D:11)
  An acid dragon (D:10)
  A hydra simulacrum (IceCv)
  16 water moccasins
  2 sky beasts
  A swamp drake (D:8)
  2 black bears (Lair:5)
  5 orc warriors
  An ice beast (D:6)
  An ogre (D:8)
  9 wolves
  6 centaurs
  2 phantoms
  3 kobold brigands
  15 bullfrogs
  6 scorpions
  A wight (D:9)
  6 killer bees
  3 lindwurm simulacra (IceCv)
  2 howler monkeys
  5 hounds
  3 jellies
  5 orc priests
  Crazy Yiuf (D:3)
  A gnoll bouda (D:5)
  2 iguanas
  2 sleepcaps
  15 orc wizards
  4 hell rats (Lair:2)
  A sickly merfolk siren (Sewer)
  A malarious merfolk avatar (Sewer)
  12 adders
  11 gnolls
  2 river rats (Sewer)
  A shadow imp (D:5)
  3 ufetubi
  A worm (D:3)
  3 dart slugs
  36 orcs
  5 ball pythons
  8 bats
  12 endoplasms
  4 giant cockroaches
  7 goblins
  6 hobgoblins
  3 jackals (D:5)
  22 kobolds
  3 quokkas
  3 training dummies (D:7)
  3 frilled lizards (Sewer)
  25 rats
494 creatures vanquished.

Vanquished Creatures (collateral kills)
  A dire elephant (Lair:5)
  2 vault guards (D:12)
  3 hydras
  A catoblepas (Lair:5)
  A two-headed ogre (D:10)
  6 death yaks (Lair:5)
  A skyshark (Lair:3)
  A manticore (D:11)
  A black mamba (Lair:2)
  A torpor snail (Lair:4)
  3 elephants
  A cane toad (Lair:2)
  A freezing wraith (D:14)
  An unseen horror (D:12)
  A rime drake (Lair:3)
  An efreet (D:13)
  3 komodo dragons
  4 blink frogs
  4 dream sheep (Lair:3)
  9 slime creatures
  A shadow (D:12)
  A wraith (D:13)
  4 yaks
  2 water moccasins
  A nameless horror (Lair:5)
  A wight (D:9)
  A jelly (Lair:5)
  An orc (D:10)
  An endoplasm (Lair:5)
  A kobold (D:9)
60 creatures vanquished.

Vanquished Creatures (others)
  A wizard (D:9)
  A human (D:13)
  37 fungi
  37 plants
76 creatures vanquished.

Grand Total: 630 creatures vanquished

Table legend: (Time is in decaauts)
 A = Elapsed time spent in this place.
 B = Non-inter-level travel time spent in this place.
 C = Inter-level travel time spent in this place.
 D = Time resting spent in this place.
 E = Time spent auto-exploring this place.
 F = Levels seen in this place.
 G = Mean time per level.
                   A        B        C        D        E       F      G
               +--------+--------+--------+--------+--------+-----+--------+
         Total |  26804 |  25597 |   1207 |   3594 |  17106 |  22 | 1218.4 |
       Dungeon |  16722 |  15830 |    892 |   2546 |  10317 |  14 | 1194.4 |
        Temple |     88 |     49 |     39 |      0 |     39 |   1 |   88.0 |
          Lair |   9407 |   9131 |    276 |   1048 |   6478 |   5 | 1881.4 |
         Sewer |    572 |    572 |      0 |      0 |    271 |   1 |  572.0 |
      Ice Cave |     13 |     13 |      0 |      0 |      0 |   1 |   13.0 |
               +--------+--------+--------+--------+--------+-----+--------+

Top non-repeatable levels by time:
  Lair:5: 2599 daAuts
    D:10: 2232 daAuts
     D:9: 2191 daAuts
  Lair:4: 1967 daAuts
  Lair:1: 1963 daAuts
    D:13: 1871 daAuts
    D:11: 1731 daAuts
  Lair:2: 1445 daAuts
  Lair:3: 1432 daAuts
     D:3: 1276 daAuts
    D:12: 1149 daAuts
     D:6: 1129 daAuts
     D:4: 987 daAuts
     D:5: 876 daAuts
     D:1: 864 daAuts

Table legend:
 A = Non-vault XP
 B = Vault XP
 C = Vault XP percentage of total XP
 D = Non-vault monster count
 E = Vault monster count
 F = Vault count percentage of total count
                 A         B        C        D         E       F
            +---------+---------+-------+---------+---------+-------
      Total |   76405 |   40821 |  34.8 |     407 |     146 |  26.4
            +---------+---------+-------+---------+---------+-------
        D:1 |      32 |       0 |   0.0 |      18 |       0 |   0.0
        D:2 |     112 |       7 |   5.9 |      12 |       4 |  25.0
        D:3 |     203 |      42 |  17.1 |      29 |       2 |   6.5
        D:4 |     411 |       4 |   1.0 |      25 |       2 |   7.4
        D:5 |    1268 |       0 |   0.0 |      18 |       0 |   0.0
        D:6 |    1089 |       0 |   0.0 |      11 |       0 |   0.0
        D:7 |     953 |       6 |   0.6 |      22 |       3 |  12.0
        D:8 |    2200 |     240 |   9.8 |      22 |       2 |   8.3
        D:9 |    1981 |       0 |   0.0 |      22 |       0 |   0.0
       D:10 |    6490 |    5590 |  46.3 |      33 |       8 |  19.5
       D:11 |    4194 |    1269 |  23.2 |      12 |      11 |  47.8
       D:12 |    5583 |    3494 |  38.5 |      19 |       4 |  17.4
       D:13 |    8220 |    5123 |  38.4 |      29 |       6 |  17.1
       D:14 |       0 |    1087 | 100.0 |       0 |       3 | 100.0
     Lair:1 |    7811 |    2140 |  21.5 |      34 |      11 |  24.4
     Lair:2 |    6643 |       0 |   0.0 |      28 |       0 |   0.0
     Lair:3 |    5524 |    3102 |  36.0 |      18 |       6 |  25.0
     Lair:4 |    5102 |    7268 |  58.8 |      10 |      21 |  67.7
     Lair:5 |   18589 |   10088 |  35.2 |      45 |      21 |  31.8
      Sewer |       0 |     184 | 100.0 |       0 |      34 | 100.0
      IceCv |       0 |    1177 | 100.0 |       0 |       8 | 100.0
            +---------+---------+-------+---------+---------+-------
